 Dungeon Crawl Stone Soup version 0.21-a0-140-g479285b (webtiles) character file.

72 Dustbunny the Sneak (level 4, -4/21 HPs)
             Began as a Spriggan Enchanter on July 19, 2017.
             Slain by a gnoll
             ... wielding a +0 whip
              (10 damage)
             ... on level 2 of the Dungeon.
             The game lasted 00:05:48 (2895 turns).

Dustbunny the Sneak (Spriggan Enchanter)            Turns: 2895, Time: 00:05:48

Health: -4/21      AC:  2    Str:  4    XL:     4   Next: 6%
Magic:  3/10       EV: 18    Int: 17    God:
Gold:   58         SH:  0    Dex: 16    Spells: 7/10 levels left

rFire    . . .     SeeInvis +   a - +1 dagger
rCold    . . .     Gourm    .   (shield restricted)
rNeg     . . .     Faith    .   b - +0 robe
rPois    .         Spirit   .   (helmet restricted)
rElec    .         Reflect  .   (no cloak)
rCorr    .         Harm     .   (gloves unavailable)
MR       .....                  (boots unavailable)
Stlth    +++.......             (no amulet)
HPRegen  0.07/turn              (no ring)
MPRegen  0.12/turn              (no ring)

@: very quick
A: unfitting armour, see invisible, herbivore 3, speed 3, slow metabolism 2
a: no special abilities


You were on level 2 of the Dungeon.
You were hungry.

You visited 1 branch of the dungeon, and saw 2 of its levels.

You collected 58 gold pieces.

Inventory:

Hand Weapons
 a - a +1 dagger (weapon)
Missiles
 e - 16 stones (quivered)
 n - 2 curare-tipped needles
Armour
 b - a +0 robe (worn)
Scrolls
 h - a scroll of blinking
 l - 3 scrolls of remove curse {unknown}
Potions
 f - a potion of brilliance {unknown}
 g - a potion of agility {unknown}
 i - a potion of might {unknown}
 j - a potion of flight {unknown}
 k - a potion of lignification {unknown}
Books
 c - a book of Maledictions

   Spells                             Type                      Level
   a - Corona                         Hexes                        1
   b - Ensorcelled Hibernation        Hexes/Ice                    2
   c - Confuse                        Hexes                        3
   d - Tukima's Dance                 Hexes                        3
   e - Dazzling Spray                 Conjuration/Hexes            3
Comestibles
 d - 2 bread rations
 m - a royal jelly


   Skills:
 + Level 0.2 Fighting
 + Level 1.7 Short Blades
 + Level 3.2 Dodging
 + Level 5.6 Stealth
 + Level 3.6 Spellcasting
 + Level 4.1 Hexes
 + Level 0.4 Ice Magic


You had 7 spell levels left.
You knew the following spells:

 Your Spells              Type           Power        Failure   Level  Hunger
a - Corona                Hex            ###....      3%          1    None
b - Ensorcelled Hibernat  Hex/Ice        ##....       10%         2    ##.....


Dungeon Overview and Level Annotations

Branches:
Dungeon (2/15)

Altars:
Cheibriados


Innate Abilities, Weirdness & Mutations

You are very small and have problems with some larger weapons.
You are too small for most types of armour.
You have supernaturally acute eyesight. (SInv)
You are a herbivore.
You cover ground extremely quickly.
You need consume almost no food.


Message History

You barely miss the gnoll.
The gnoll is severely wounded.
The gnoll completely misses you.
You hit the gnoll.
You kill the gnoll!
You have reached level 4!
You hit the gnoll but do no damage. The gnoll hits you with a whip!
You hit the gnoll but do no damage. The gnoll barely misses you.
You hit the gnoll but do no damage. The gnoll completely misses you.
You hit the gnoll.
The gnoll is moderately wounded.
The gnoll misses you.
You closely miss the gnoll.
The gnoll is moderately wounded.
The gnoll hits you with a whip.
* * * LOW HITPOINT WARNING * * *
You hit the gnoll but do no damage.
The gnoll is moderately wounded.
The gnoll hits you with a whip!
You die...

...[.#
#...,,#.......#.# #
.....#
###***#.......#.# #
####.# #)#.....#.#
#### .....#
#)#.....#.# #.##
###### #.#..#..#.#
#.## #.#.>.<.#.# #...
#.#..#.##.# #.##
#g#..#..#†# #.#
#@#.....#†# #.#
#.#[....#.#####.#
#.......).......#
*****#######.#.#######
*,,,,,,,,,...#.#
*,*******#####.# *,*
#.# *,* #.#
*,***********#.#


You could see a gnoll.

Vanquished Creatures
  3 gnolls (D:2)
  An adder (D:2)
  2 worms (D:2)
  A ball python (D:1)
  2 giant cockroaches
  3 goblins
  3 hobgoblins
  3 jackals (D:2)
  6 kobolds
  2 bats (D:1)
  5 rats
31 creatures vanquished.

Notes
Turn   | Place    | Note
-------+----------+-------------------------------------------
     0 | D:1      | Dustbunny the Spriggan Enchanter began the quest for the Orb.
     0 | D:1      | Reached XP level 1. HP: 9/9 MP: 5/5
   514 | D:1      | Reached XP level 2. HP: 13/13 MP: 1/7
  1759 | D:2      | Found a snail-covered altar of Cheibriados.
  1783 | D:2      | Reached skill level 5 in Stealth
  1933 | D:2      | Learned a level 2 spell: Ensorcelled Hibernation
  2595 | D:2      | Reached XP level 3. HP: 12/16 MP: 1/8
  2889 | D:2      | Reached XP level 4. HP: 19/21 MP: 3/10
  2895 | D:2      | Slain by a gnoll

Vault maps used:
D:1:      lemuel_arrival_funnel
D:2:      old_standard_altar, first_bread

Skill      XL: |  1  2  3 |
---------------+----------+-----
Spellcasting   | 3 |  3.6
Stealth        | 5 |  5.6
Hexes          | 4 |  4.1
Fighting       | |  0.2
Short Blades   | |  1.7
Dodging        | |  3.2
Ice Magic      | |  0.4

Action                   |  1- 3 |  4- 6 || total
-------------------------+-------+-------++-------
Melee: Dagger            |   120 |     6 ||   126
 Cast: Corona            |    18 |       ||    18
       Ensorcelled Hiber |    23 |       ||    23
  Use: Scroll            |     3 |       ||     3
 Stab: Sleeping          |    15 |       ||    15
Armor: Robe              |     3 |       ||     3
Dodge: Dodged            |    95 |     3 ||    98
